3AA
BELVEDERE PARK RAWHIDES @ CASPER GHOSTS
08/07/2029
 
TOP OF THE 1ST
Belvedere Park Rawhides batting - Pitching for Casper Ghosts : RHP Ángelo Román
Pitching: RHP Ángelo Román
Batting: RHB Kevin Johnson 0-0: Foul Ball, location: 2F
0-1: Foul Ball, location: 2F
0-2: Ball
1-2: Fly out, F9 (Flyball, 9LS)
Batting: RHB Ed Jozwiak 0-0: Called Strike
0-1: Swinging Strike
0-2: Strikes out looking
Batting: RHB Jaime Cruz 0-0: Ball
1-0: Fly out, F9 (Line Drive, 9LM)
Top of the 1st over - 0 runs, 0 hits, 0 errors, 0 left on base; Belvedere Park 0 - Casper 0
BOTTOM OF THE 1ST
Casper Ghosts batting - Pitching for Belvedere Park Rawhides : LHP Katsumoto Miyanohara
Pitching: LHP Katsumoto Miyanohara
Batting: RHB Steve Weber 0-0: Ground out 5-3 (Groundball, 2L)
Batting: RHB Bob Phillips 0-0: Called Strike
0-1: Foul Ball, location: 2F
0-2: SINGLE (Line Drive, 56)
Batting: RHB Derek Bangert 0-0: Called Strike
0-1: Ball
1-1: Ball
2-1: Ball
3-1: Foul Ball, location: 2F
3-2: SINGLE (Groundball, 56D)
Bob Phillips to second
Batting: RHB Jorge Díaz 0-0: Ball
1-0: Called Strike
1-1: Called Strike
1-2: Foul Ball, location: 2F
1-2: Ball
2-2: Ball
3-2: Base on Balls
Bob Phillips to third
Derek Bangert to second
Batting: RHB Félix Ramos 0-0: Foul Ball, location: 2F
0-1: Ball
1-1: Grounds into double play, 4-6-3 (Groundball, 4)
Bottom of the 1st over - 0 runs, 2 hits, 0 errors, 2 left on base; Belvedere Park 0 - Casper 0
TOP OF THE 2ND
Belvedere Park Rawhides batting - Pitching for Casper Ghosts : RHP Ángelo Román
Batting: RHB Juan Chávez 0-0: Ball
1-0: Ball
2-0: Ball
3-0: Called Strike
3-1: Reached on error, E4 (Groundball, 4M)
Batting: LHB António Serrano 0-0: Ball
1-0: Foul Ball, location: 2F
1-1: Ball
2-1: Ball
3-1: Base on Balls
Juan Chávez to second
Batting: RHB David Martínez 0-0: Called Strike
0-1: Ball
1-1: Foul Ball, location: 2F
1-2: Grounds into double play, 6-4-3 (Groundball, 6)
Juan Chávez to third
Batting: RHB Jorge Alcantar 0-0: Foul Ball, location: 2F
0-1: Ground out 1-3 (Groundball, 13)
Top of the 2nd over - 0 runs, 0 hits, 1 error, 1 left on base; Belvedere Park 0 - Casper 0
BOTTOM OF THE 2ND
Casper Ghosts batting - Pitching for Belvedere Park Rawhides : LHP Katsumoto Miyanohara
Batting: RHB José Córdova 0-0: Ball
1-0: Called Strike
1-1: Swinging Strike
1-2: Foul Ball, location: 2F
1-2: Foul Ball, location: 2F
1-2: Ground out U3 (Groundball, 34S)
Batting: RHB Félix Martínez 0-0: Fly out, F8 (Flyball, 78M)
Batting: RHB Juan Hernández 0-0: Ball
1-0: Called Strike
1-1: Ball
2-1: Called Strike
2-2: Strikes out swinging
Bottom of the 2nd over - 0 runs, 0 hits, 0 errors, 0 left on base; Belvedere Park 0 - Casper 0
TOP OF THE 3RD
Belvedere Park Rawhides batting - Pitching for Casper Ghosts : RHP Ángelo Román
Batting: RHB Harry Gibson 0-0: Ball
1-0: Foul Ball, location: 2F
1-1: Ball
2-1: Ball
3-1: Called Strike
3-2: Foul Ball, location: 2F
3-2: Foul Ball, location: 2F
3-2: Base on Balls
Batting: RHB José Luque 0-0: Ball
1-0: Fly out, F8 (Flyball, 89D)
Batting: RHB Kevin Johnson 0-0: Ball
Harry Gibson is caught stealing 2nd base
1-0: SINGLE (Line Drive, 4M)
Batting: RHB Ed Jozwiak 0-0: Called Strike
0-1: Ball
1-1: Ball
2-1: Fielders Choice at 2nd, 6-4 (Groundball, 6)
Top of the 3rd over - 0 runs, 1 hit, 0 errors, 1 left on base; Belvedere Park 0 - Casper 0
BOTTOM OF THE 3RD
Casper Ghosts batting - Pitching for Belvedere Park Rawhides : LHP Katsumoto Miyanohara
Batting: LHB Ronald Anderson 0-0: Ball
1-0: Swinging Strike
1-1: Foul Ball, location: 2F
1-2: Foul Ball, location: 2F
1-2: Ball
2-2: SINGLE (Line Drive, 34)
Batting: RHB Steve Weber 0-0: Foul Ball, location: 2F
0-1: Ball
1-1: Ball
2-1: Ball
3-1: Base on Balls
Ronald Anderson to second
Batting: RHB Bob Phillips 0-0: Fly out, F8 (Flyball, 8LS)
Batting: RHB Derek Bangert 0-0: Swinging Strike
0-1: Fly out, F7 (Flyball, 7S)
Batting: RHB Jorge Díaz 0-0: Ball
1-0: Ball
2-0: Ball
3-0: Called Strike
3-1: Base on Balls
Ronald Anderson to third
Steve Weber to second
Batting: RHB Félix Ramos 0-0: Foul Ball, location: 2F
0-1: Foul Ball, location: 2F
0-2: Foul Ball, location: 2F
0-2: Ball
1-2: Ball
2-2: Strikes out swinging
Bottom of the 3rd over - 0 runs, 1 hit, 0 errors, 3 left on base; Belvedere Park 0 - Casper 0
TOP OF THE 4TH
Belvedere Park Rawhides batting - Pitching for Casper Ghosts : RHP Ángelo Román
Batting: RHB Jaime Cruz 0-0: Ball
1-0: Ball
2-0: Called Strike
2-1: Called Strike
2-2: Ball
3-2: Foul Ball, location: 2F
3-2: Strikes out looking
Batting: RHB Juan Chávez 0-0: Called Strike
0-1: SINGLE (Groundball, 56D)
Batting: LHB António Serrano 0-0: Called Strike
0-1: Fly out, F7 (Flyball, 7S)
Batting: RHB David Martínez 0-0: Ball
1-0: Ball
2-0: Fielders Choice at 2nd, 5-4 (Groundball, 5L)
Top of the 4th over - 0 runs, 1 hit, 0 errors, 1 left on base; Belvedere Park 0 - Casper 0
BOTTOM OF THE 4TH
Casper Ghosts batting - Pitching for Belvedere Park Rawhides : LHP Katsumoto Miyanohara
Batting: RHB José Córdova 0-0: Called Strike
0-1: Foul Ball, location: 2F
0-2: Ball
1-2: Strikes out looking
Batting: RHB Félix Martínez 0-0: Called Strike
0-1: Foul Ball, location: 2F
0-2: Ball
1-2: Strikes out swinging
Batting: RHB Juan Hernández 0-0: Called Strike
0-1: Ground out 4-3 (Groundball, 4)
Bottom of the 4th over - 0 runs, 0 hits, 0 errors, 0 left on base; Belvedere Park 0 - Casper 0
TOP OF THE 5TH
Belvedere Park Rawhides batting - Pitching for Casper Ghosts : RHP Ángelo Román
Batting: RHB Jorge Alcantar 0-0: Foul Ball, location: 2F
0-1: Ball
1-1: Fly out, F9 (Flyball, 9)
Batting: RHB Harry Gibson 0-0: Ball
1-0: Ball
2-0: Ball
3-0: Called Strike
3-1: Base on Balls
Batting: RHB José Luque 0-0: Called Strike
0-1: Foul Ball, location: 2F
0-2: Ball
1-2: Foul Ball, location: 2F
1-2: SINGLE (Line Drive, 6D)
Harry Gibson to second
Batting: RHB Kevin Johnson 0-0: Called Strike
Harry Gibson steals 3rd base
0-1: Ball
José Luque steals 2nd base
1-1: Called Strike
1-2: Ball
2-2: Foul Ball, location: 2F
2-2: Foul Ball, location: 2F
2-2: Foul Ball, location: 2F
2-2: Ball
3-2: Foul Ball, location: 2F
3-2: Strikes out swinging
Batting: RHB Ed Jozwiak 0-0: Called Strike
0-1: Foul Ball, location: 2F
0-2: Ball
1-2: Ball
2-2: SINGLE (Line Drive, 4D)
Harry Gibson scores
José Luque to third
Runner from 3rd tries for Home, SAFE, no throw
Batting: RHB Jaime Cruz 0-0: Ball
Ed Jozwiak is caught stealing 2nd base
Top of the 5th over - 2 runs, 2 hits, 0 errors, 0 left on base; Belvedere Park 2 - Casper 0
BOTTOM OF THE 5TH
Casper Ghosts batting - Pitching for Belvedere Park Rawhides : LHP Katsumoto Miyanohara
Batting: LHB Ronald Anderson 0-0: Ball
1-0: Fly out, F8 (Line Drive, 8LM)
Batting: RHB Steve Weber 0-0: Ball
1-0: Ball
2-0: Called Strike
2-1: Swinging Strike
2-2: Fly out, F3 (Line Drive, 3)
Batting: RHB Bob Phillips 0-0: Ball
1-0: Called Strike
1-1: Ground out 6-3 (Groundball, 6)
Bottom of the 5th over - 0 runs, 0 hits, 0 errors, 0 left on base; Belvedere Park 2 - Casper 0
TOP OF THE 6TH
Belvedere Park Rawhides batting - Pitching for Casper Ghosts : RHP Ángelo Román
Batting: RHB Jaime Cruz 0-0: Called Strike
0-1: Ground out 4-3 (Groundball, 34)
Batting: RHB Juan Chávez 0-0: Ball
1-0: Ball
2-0: Foul Ball, location: 2F
2-1: Foul Ball, location: 2F
2-2: Strikes out swinging
Batting: LHB António Serrano 0-0: Fly out, F9 (Flyball, 9D)
Top of the 6th over - 0 runs, 0 hits, 0 errors, 0 left on base; Belvedere Park 2 - Casper 0
BOTTOM OF THE 6TH
Casper Ghosts batting - Pitching for Belvedere Park Rawhides : LHP Katsumoto Miyanohara
Batting: RHB Derek Bangert 0-0: Ball
1-0: Called Strike
1-1: Ball
2-1: Swinging Strike
2-2: Foul Ball, location: 2F
2-2: Foul Ball, location: 2F
2-2: Ball
3-2: Strikes out swinging
Batting: RHB Jorge Díaz 0-0: Called Strike
0-1: Reached on error, E5 (Groundball, 56)
Batting: RHB Félix Ramos 0-0: Ball
1-0: Ground out 6-3 (Groundball, 6D)
Batting: RHB José Córdova 0-0: 2-RUN HOME RUN (Line Drive, 7D), Distance : 388 ft
Pitching: RHP Arturio Sandolva
Batting: RHB Félix Martínez 0-0: Ball
1-0: Called Strike
1-1: Ball
2-1: Swinging Strike
2-2: Strikes out swinging
Bottom of the 6th over - 2 runs, 1 hit, 1 error, 0 left on base; Belvedere Park 2 - Casper 2
TOP OF THE 7TH
Belvedere Park Rawhides batting - Pitching for Casper Ghosts : RHP Ángelo Román
Batting: RHB David Martínez 0-0: Ball
1-0: Called Strike
1-1: Called Strike
1-2: Strikes out looking
Batting: RHB Jorge Alcantar 0-0: Ground out 1-3 (Groundball, 13S)
Batting: RHB Harry Gibson 0-0: Ball
1-0: Fly out, F5 (Popup, 5F)
Top of the 7th over - 0 runs, 0 hits, 0 errors, 0 left on base; Belvedere Park 2 - Casper 2
BOTTOM OF THE 7TH
Casper Ghosts batting - Pitching for Belvedere Park Rawhides : RHP Arturio Sandolva
Pinch Hitting: LHB Kyle Mann 0-0: Foul Ball, location: 2F
0-1: Fly out, F8 (Flyball, 8LD)
Batting: LHB Ronald Anderson 0-0: Called Strike
0-1: DOUBLE (Line Drive, 9LM)
Batting: RHB Steve Weber 0-0: Ball
1-0: Ball
2-0: Ground out 4-3 (Groundball, 4M)
Ronald Anderson to third
Batting: RHB Bob Phillips 0-0: Ball
1-0: Ball
2-0: Ball
3-0: Called Strike
3-1: Called Strike
3-2: Base on Balls
Batting: RHB Derek Bangert 0-0: Ball
1-0: Ball
2-0: Ball
3-0: Base on Balls
Bob Phillips to second
Batting: RHB Jorge Díaz 0-0: Ball
1-0: Ball
2-0: Called Strike
2-1: Ball
3-1: Base on Balls
Ronald Anderson scores
Bob Phillips to third
Derek Bangert to second
Batting: RHB Félix Ramos 0-0: Called Strike
0-1: Called Strike
0-2: DOUBLE (Line Drive, 78D)
Bob Phillips scores
Derek Bangert scores
Jorge Díaz to third
Runner from 3rd tries for Home, SAFE, no throw
Pitching: RHP Alfredo Velásquez
Batting: RHB José Córdova 0-0: Ball
1-0: Fly out, F1 (Line Drive, 15)
Bottom of the 7th over - 4 runs, 2 hits, 0 errors, 1 left on base; Belvedere Park 2 - Casper 6
TOP OF THE 8TH
Belvedere Park Rawhides batting - Pitching for Casper Ghosts : RHP Ángelo Román
Now at 3B: Roberto De La Cruz
Batting: RHB José Luque 0-0: Called Strike
0-1: Ground out 6-3 (Groundball, 6MS)
Batting: RHB Kevin Johnson 0-0: Ball
1-0: Ball
2-0: Ball
3-0: Base on Balls
Batting: RHB Ed Jozwiak 0-0: Called Strike
0-1: Ball
1-1: SINGLE (Groundball, 56D)
Kevin Johnson to second
Batting: RHB Jaime Cruz 0-0: Swinging Strike
0-1: SINGLE (Groundball, 6MD)
Kevin Johnson to third
Ed Jozwiak to second
Runner from 3rd tries for Home, SAFE, throw made home
Pitching: RHP Yoshii Ikeda
Batting: RHB Juan Chávez 0-0: Swinging Strike
0-1: Foul Ball, location: 2F
0-2: Ball
1-2: Strikes out swinging
Batting: LHB António Serrano 0-0: Fly out, F6 (Popup, 6S)
Top of the 8th over - 1 run, 2 hits, 0 errors, 2 left on base; Belvedere Park 3 - Casper 6
BOTTOM OF THE 8TH
Casper Ghosts batting - Pitching for Belvedere Park Rawhides : RHP Alfredo Velásquez
Batting: RHB Félix Martínez 0-0: Called Strike
0-1: Swinging Strike
0-2: Ground out 4-3 (Groundball, 4)
Batting: RHB Roberto De La Cruz 0-0: Ball
1-0: Called Strike
1-1: Ball
2-1: SINGLE (Groundball, 6MD)
Batting: LHB Ronald Anderson 0-0: Ball
1-0: Called Strike
1-1: Swinging Strike
1-2: Ball
2-2: Strikes out swinging
Batting: RHB Steve Weber 0-0: Fly out, F9 (Flyball, 89M)
Bottom of the 8th over - 0 runs, 1 hit, 0 errors, 1 left on base; Belvedere Park 3 - Casper 6
TOP OF THE 9TH
Belvedere Park Rawhides batting - Pitching for Casper Ghosts : RHP Yoshii Ikeda
Pitching: RHP Ignacio Ayala
Batting: RHB David Martínez 0-0: Ball
1-0: Called Strike
1-1: Called Strike
1-2: Ball
2-2: Ground out 5-3 (Groundball, 56)
Batting: RHB Jorge Alcantar 0-0: Ball
1-0: Foul Ball, location: 2F
1-1: Foul Ball, location: 2F
1-2: Strikes out swinging
Batting: RHB Harry Gibson 0-0: Fly out, F9 (Flyball, 9D)
Top of the 9th over - 0 runs, 0 hits, 0 errors, 0 left on base; Belvedere Park 3 - Casper 6
Tuesday, December 19th, 2017 - OOTP Baseball 18.8 Build 76